 Dungeon Crawl Stone Soup version 0.27-a0-660-g90476cec82 (webtiles) character file.

Game seed: 7532026606780664648

265379 jasper the Convoker (level 20, -2/178 HPs)
             Began as a Human Wanderer on Mar 16, 2021.
             Was the Champion of Dithmenos.
             Slain by an Executioner (10 damage)
             ... on level 3 of the Abyss.
             The game lasted 01:49:22 (44724 turns).

jasper the Convoker (Human Wanderer)               Turns: 44724, Time: 01:49:23

Health: -2/178     AC: 18    Str: 13    XL:     20   Next: 35%
Magic:  4/27       EV: 18    Int: 17    God:    Dithmenos [******]
Gold:   3689       SH:  9    Dex: 20    Spells: 0/28 levels left

rFire    + + .     SeeInvis +   x - +7 dagger (distort)
rCold    + + .     Faith    .   t - +3 buckler {rF+}
rNeg     + . .     Spirit   .   Z - +5 ring mail
rPois    .         Reflect  .   m - +2 hat {Will+}
rElec    +         Harm     .   Q - scarf {rC+ rF+}
rCorr    .         Rampage  .   M - +1 pair of gloves of the Sturgeon {rC+ Regen+ Str-4 Stlth+}
Will     ++...                  d - +2 pair of boots of Pandemonium {Dex+3} Stlth **++++++++
                                L - amulet of regeneration
HPRegen  2.39/turn              l - ring of positive energy
MPRegen  0.20/turn              a - ring of Geaf {Wiz rElec Str+2 Int+2 SInv}

@: wreathed by umbra, studying 2 skills
A: fangs 1, deterioration 1, robust 1, MP-powered wands
}: 3/15 runes: decaying, serpentine, abyssal
a: Renounce Religion, Shadow Step, Shadow Form


You were on level 3 of the Abyss.
You worshipped Dithmenos.
Dithmenos was exalted by your worship.
You visited 6 branches of the dungeon, and saw 32 of its levels.
You visited the Abyss 1 time.
You also visited: Bailey and Gauntlet.

You collected 4842 gold pieces.
You spent 1153 gold pieces at shops.

Inventory:

Hand Weapons
 x - a +7 dagger of distortion (weapon)
Missiles
 i - 5 javelins
 v - 7 datura-tipped darts
 C - 29 boomerangs (quivered)
 D - 15 curare-tipped darts
Armour
 d - the +2 pair of boots of Pandemonium (worn) {Dex+3}
   (You acquired it on level 14 of the Dungeon)

   It affects your dexterity (+3).
 m - a +2 hat of willpower (worn)
 t - a +3 buckler of fire resistance (worn)
 M - the +1 pair of gloves of the Sturgeon (worn) {rC+ Regen+ Str-4 Stlth+}
   (You found it on level 7 of the Dungeon)

   It affects your strength (-4).
   It protects you from cold.
   It increases your rate of regeneration.
   It makes you more stealthy.
 N - +0 acid dragon scales
 Q - a scarf of resistance (worn)
 Z - a +5 ring mail (worn)
Jewellery
 a - the ring of Geaf (left hand) {Wiz rElec Str+2 Int+2 SInv}
   (You bought it in a shop on level 2 of the Orcish Mines)

   [ring of wizardry]

   It improves your spell success rate.
   It affects your strength (+2).
   It affects your intelligence (+2).
   It insulates you from electricity.
   It lets you see invisible.
 f - the amulet of Wishful Thinking {Reflect Dex+3 SH+5}
   (You found it on level 14 of the Dungeon)

   [amulet of reflection]

   It shields you and reflects attacks.
   It affects your dexterity (+3).
   It affects your SH (+5).
 l - a ring of positive energy (right hand)
 E - a ring of resist corrosion
 G - a ring of protection from fire
 I - a ring of protection from cold
 K - a ring of see invisible
 L - an amulet of regeneration (around neck)
 R - a ring of poison resistance
 V - a ring of wizardry
Wands
 n - a wand of digging (6)
 y - a wand of paralysis (5)
 F - a wand of flame (27)
 O - a wand of iceblast (16)
 S - a wand of acid (14)
Scrolls
 b - 2 scrolls of blinking
 g - 3 scrolls of fog
 j - 11 scrolls of teleportation
 w - 9 scrolls of identify
 z - 13 scrolls of amnesia
 A - a scroll of immolation
 H - a scroll of holy word
 J - 3 scrolls of magic mapping
 P - 4 scrolls of vulnerability
 T - 6 scrolls of fear
 W - 3 scrolls of summoning
 X - 2 scrolls of enchant armour
Potions
 c - 3 potions of mutation
 e - 4 potions of might
 h - 5 potions of brilliance
 k - 6 potions of attraction
 o - 11 potions of curing
 p - 7 potions of flight
 q - 4 potions of ambrosia
 r - 6 potions of lignification
 s - 2 potions of cancellation
 u - 6 potions of magic
 U - 6 potions of haste
Miscellaneous
 B - a tin of tremorstones (1/2)


   Skills:
 + Level 15.2 Fighting
 - Level 10.0 Short Blades
 - Level 4.4 Maces & Flails
 - Level 7.0 Throwing
 - Level 4.0 Armour
 + Level 12.3 Dodging
 - Level 16.0 Stealth
 - Level 4.0 Shields
 + Level 4.9 Spellcasting
 - Level 6.0 Hexes
 - Level 18.0 Summonings
 - Level 2.0 Necromancy
 - Level 2.0 Translocations
 * Level 4.6 Invocations


You couldn't memorise any spells.
You knew the following spells:

 Your Spells              Type           Power      Damage    Failure   Level
a - Apportation           Tloc           20%        N/A       5%          1
b - Tukima's Dance        Hex            24%        N/A       3%          3
c - Animate Skeleton      Necr           20%        N/A       5%          1
d - Summon Hydra          Summ           30%        N/A       6%          7
e - Summon Mana Viper     Hex/Summ       44%        N/A       2%          5
f - Shadow Creatures      Summ           N/A        N/A       1%          6
g - Silence               Hex/Air        7%         N/A       65%         5

Your spell library contained the following spells:

 Spells                   Type           Power      Damage    Failure   Level
 Corona                   Hex            26%        N/A       1%          1
 Slow                     Hex            24%        N/A       1%          2
 Confusing Touch          Hex            24%        N/A       3%          3
 Animate Armour           Summ/Erth      68%        N/A       3%          4
 Pain                     Necr           40%        1d6       5%          1
 Ensorcelled Hibernation  Hex/Ice        28%        N/A       5%          2
 Summon Forest            Summ/Tloc      19%        N/A       6%          5
 Monstrous Menagerie      Summ           30%        N/A       6%          7
 Portal Projectile        Hex/Tloc       34%        N/A       7%          3
 Dazzling Flash           Conj/Hex       28%        N/A       11%         3
 Inner Flame              Hex/Fire       14%        N/A       11%         3
 Cause Fear               Hex            12%        N/A       11%         4
 Magic Dart               Conj           16%        1d3       12%         1
 Gell's Gravitas          Tloc           5%         N/A       16%         3
 Teleport Other           Tloc           10%        N/A       16%         3
 Vampiric Draining        Necr           5%         2d6       16%         3
 Poisonous Vapours        Pois/Air       8%         N/A       17%         2
 Searing Ray              Conj           8%         3d3       17%         2
 Conjure Flame            Conj/Fire      4%         6-21      32%         3
 Ignite Poison            Fire/Tmut/Pois 4%         N/A       32%         3
 Mephitic Cloud           Conj/Pois/Air  4%         N/A       32%         3
 Static Discharge         Conj/Air       4%         N/A       32%         3
 Fulminant Prism          Conj/Hex       7%         3d7       32%         4
 Leda's Liquefaction      Hex/Erth       7%         N/A       32%         4
 Summon Horrible Things   Summ           30%        N/A       43%         8
 Animate Dead             Necr           5%         N/A       45%         4
 Iskenderun's Mystic Bla  Conj/Tloc      7%         2d4       58%         4
 Metabolic Englaciation   Hex/Ice        7%         N/A       65%         5
 Yara's Violent Unravell  Hex/Tmut       7%         3d5       65%         5
 Petrify                  Tmut/Erth      4%         N/A       71%         4
 Agony                    Necr           10%        N/A       78%         5
 Haunt                    Necr/Summ      19%        N/A       82%         7
 Malign Gateway           Summ/Tloc      19%        N/A       82%         7
 Borgnjor's Vile Clutch   Necr/Erth      3%         N/A       89%         5
 Spellforged Servitor     Conj/Summ      17%        N/A       91%         7
 Bolt of Magma            Conj/Fire/Erth 2%         4d4       96%         5
 Iskenderun's Battlesphe  Conj           4%         2d6       96%         5
 Freezing Cloud           Conj/Ice/Air   2%         6-21      100%        6
 Iron Shot                Conj/Erth      2%         9d2       100%        6
 Orb of Destruction       Conj           2%         9d1       100%        7
 Tornado                  Air            2%         N/A       100%        9


Dungeon Overview and Level Annotations

Branches:
Dungeon (15/15)            Temple (0/1) D:4            Lair (6/6) D:10
  Swamp (4/4) Lair:3        Snake (4/4) Lair:3        Slime (0/5) Lair:5
    Orc (2/2) D:10            Elf (1/3) Orc:2        Vaults (0/5) D:13
 Depths (0/5) D:15         Bailey (visited)         Gauntlet (visited)

Altars:
Cheibriados
Dithmenos
Fedhas
Gozag
Kikubaaqudgha
Makhleb
Nemelex Xobeh
Ru
Sif Muna
Uskayaw
Wu Jian
Xom
Yredelemnul
Zin
The Shining One
Beogh
Jiyva

Shops:
D:6 (   Orc:2 [*=   Snake:3 *

Portals:
Trove: D:12 (give +2 gold dragon scales)

Annotations:
D:8 2 transporters
D:14 Roxanne
Lair:5 1 runed translucent door
Snake:3 exclusion: 2 ice statues
Abyss:1 Kaynesm's ghost, adept FoAK; Vuniox's ghost, adept GrEE


Innate Abilities, Weirdness & Mutations

You have very sharp teeth.
Your body sometimes deteriorates upon taking damage.
You are robust. (+10% HP)
You expend magic power (3 MP) to strengthen your wands.


Message History

* * * LOW HITPOINT WARNING * * *
You block the Executioner's attack.
The Executioner hits you but does no damage.
The Executioner hits you.
* * * LOW HITPOINT WARNING * * *
The Executioner completely misses you. The Executioner hits you.
* * * LOW HITPOINT WARNING * * *
You block the Executioner's attack.
You take 4 damage, and have 23/178 hp.
Okay, then.
The Executioner closely misses you.
The Executioner hits you but does no damage. x2
You block the Executioner's attack. The Executioner closely misses you.
The Executioner completely misses you.
There is an open door here.
Okay, then.
The Executioner completely misses you. You block the Executioner's attack.
The Executioner completely misses you. The Executioner closely misses you.
The Executioner hits you but does no damage.
You block the Executioner's attack.
You see here an abyssal rune of Zot.
You pick up the abyssal rune and feel its power. 3 runes!
That's enough to enter the realm of Zot.
Press } to see all the runes you have collected.
You feel the abyssal rune guiding you out of this place.
The Executioner hits you but does no damage. x2
The Executioner barely misses you. x2; The Executioner hits you.
* * * LOW HITPOINT WARNING * * *
The Executioner hits you but does no damage.
You block the Executioner's attack.
The Executioner hits you but does no damage. x2
You take 5 damage, and have 18/178 hp.
You feel better. The Executioner misses you.
You block the Executioner's attack. The Executioner misses you.
The Executioner hits you!!
* * * LOW HITPOINT WARNING * * *
The Executioner closely misses you.
The Executioner hits you but does no damage.
The Executioner hits you!
You die...

.. .. .. #©.©#
### ######
.... #
#######......
#.....#. ....
+..©..'.. ..##
#.....#......#
#######. X.#
###+@1#####X##
#..###..##
.X##
#.....##.q X.#
##.
...##dD...#
#.......
.....# +.
#+#..'.....#
##. #.###...#
# ### ####


You could see an Executioner (fast).

Vanquished Creatures
  the Lernaean hydra (Swamp:4)
  Jorgrun (Swamp:3)
  Gastronok (D:10)
  Frances (D:14)
  2 nagarajas (Snake:4)
  2 orc warlords (Orc:1)
  4 bunyips
  Azrael (Snake:2)
  2 eleionomae
  Snorg (Orc:2)
  A shambling mangrove (Swamp:3)
  2 ogre magi (D:15)
  Erolcha (D:13)
  15 hydras
  2 boulder beetles (D:15)
  A ghost crab (Swamp:2)
  10 naga warriors
  10 anacondas
  8 centaur warriors
  A vault guard (D:13)
  3 alligators (Swamp:3)
  3 orc high priests
  A tengu warrior (D:15)
  The ghost of srzhan31 the Destroyer, a journeyman GrCj of Vehumet (D:10)
  9 two-headed ogres
  4 death yaks
  The ghost of Utud the Gelid, a journeyman DEIE of Vehumet (D:14)
  4 naga sharpshooters
  2 thrashing horrors (Abyss:3)
  12 shock serpents
  2 unseen horrors
  A wretched star (Gauntlet)
  3 goliath frogs
  4 salamander mystics
  A flayed ghost (D:15)
  3 naga ritualists
  A bog body (Swamp:1)
  A spriggan druid (Swamp:3)
  9 swamp dragons
  A tengu zombie (D:15)
  A wizard (D:14)
  3 lindwurms (Snake:4)
  12 mana vipers
  7 orc knights
  5 deep elf pyromancers
  A wolf spider zombie (D:15)
  2 wolf spiders
  11 ugly things
  A fire giant zombie (D:15)
  2 will-o-the-wisps
  5 cyclopes
  4 orc sorcerers
  2 manticores (D:11)
  3 elephants
  8 salamanders
  12 naga magi
  A centaur zombie (D:14)
  7 guardian serpents
  25 black mambas
  A gargoyle (D:15)
  4 centaur skeletons
  Psyche (D:10)
  7 komodo dragons
  16 cane toads
  5 rime drakes
  A kobold demonologist (D:15)
  A guardian mummy (D:15)
  An ancient zyme (Abyss:3)
  10 trolls
  7 hornets
  2 polar bears
  12 tyrant leeches
  13 blink frogs
  8 slime creatures
  Grinder (D:6)
  A raiju (shapeshifter) (D:13)
  2 redbacks
  12 spriggans
  13 wyverns
  25 yaks
  An air elemental (Elf:1)
  Sigmund (D:4)
  2 vampires (D:15)
  An ice dragon skeleton (D:15)
  2 fire elementals (Snake:2)
  Eustachio (D:6)
  5 wraiths
  6 humans (D:13)
  2 vampire mosquitoes
  2 steam dragons (Lair:6)
  6 basilisks
  3 acid dragons
  30 nagas
  11 swamp worms
  A warg (Orc:1)
  16 water moccasins
  4 hell hounds (Snake:2)
  8 nameless horrors
  7 swamp drakes
  A hornet zombie (D:11)
  A black bear (D:9)
  3 ice beasts (D:15)
  40 orc warriors
  6 sky beasts
  10 ogres
  A necrophage (D:14)
  6 centaurs
  3 phantoms
  16 wolves
  A kobold brigand (D:15)
  18 bullfrogs
  Blork the orc (D:6)
  A wyvern zombie (D:9)
  A wyvern skeleton (D:12)
  6 scorpions
  7 killer bees
  17 wights
  7 howler monkeys
  A bullfrog zombie (D:10)
  A lava snake (D:10)
  A starcursed mass (Abyss:3)
  2 quasits
  8 jellies
  34 orc priests
  A bullfrog skeleton (D:5)
  5 hounds
  A gnoll shaman (D:7)
  10 iguanas
  15 worker ants
  34 orc wizards
  10 hell rats
  A hound zombie (D:7)
  3 worker ant zombies
  A howler monkey skeleton (D:8)
  6 adders
  4 gnolls (D:7)
  3 shadow imps
  5 white imps
  9 oozes
  An ufetubus (D:6)
  An adder zombie (D:4)
  2 adder skeletons (D:9)
  2 dart slugs
  5 leopard geckos
  136 orcs
  3 ball pythons
  6 bats
  7 giant cockroaches
  9 goblins
  6 hobgoblins
  11 jackals
  19 kobolds
  8 quokkas
  4 frilled lizards
  A jackal zombie (D:5)
  2 leopard gecko skeletons
  8 rats
  5 briar patches (Swamp:4)
1034 creatures vanquished.

Vanquished Creatures (collateral kills)
  A quicksilver dragon (Abyss:3)
  A nagaraja (Snake:4)
  2 bunyips
  An eleionoma (Swamp:2)
  6 naga warriors
  3 anacondas
  6 hydras
  2 ghost crabs
  2 alligators (Swamp:3)
  A thrashing horror (Abyss:3)
  4 naga sharpshooters
  A shock serpent (Snake:4)
  A salamander mystic (Snake:4)
  2 goliath frogs
  4 naga ritualists
  A lindwurm (Snake:4)
  2 mana vipers
  5 swamp dragons
  3 deep elf pyromancers (Elf:1)
  A salamander (Snake:3)
  2 deep elf zephyrmancers (Elf:1)
  A draconian (Abyss:3)
  An apocalypse crab (Abyss:3)
  7 black mambas
  2 guardian serpents (Snake:4)
  A stone giant skeleton (D:15)
  11 naga magi
  2 tyrant leeches
  2 hornets
  A starcursed mass (Abyss:3)
  A shadow (Abyss:3)
  2 nameless horrors
  2 fire elementals
  3 swamp worms
  13 nagas
100 creatures vanquished.

Vanquished Creatures (others)
  A two-headed ogre (D:9)
  An unseen horror (D:9)
  A will-o-the-wisp (Swamp:1)
  A bloated husk (Swamp:1)
  2 hornets
  6 dancing weapons
  A black bear (D:9)
  An ice beast (D:9)
  An ogre (Orc:2)
  An orc (D:9)
  3 briar patches (Swamp:4)
  9 bushes (D:15)
  20 foxfires
  58 fungi
  113 plants
  5 toadstools (D:3)
  17 withered plants (D:15)
241 creatures vanquished.

Grand Total: 1375 creatures vanquished

Notes
Turn   | Place    | Note
-------+----------+-------------------------------------------
     0 | D:1      | jasper the Human Wanderer began the quest for the Orb.
     0 | D:1      | jasper set off with the following items: a +2 dagger, a
                  | scroll of blinking, a +0 robe; and the following spells
                  | available to memorise: Apportation, Corona, Teleport Other,
                  | Tukima's Dance
     0 | D:1      | Reached XP level 1. HP: 15/15 MP: 5/5
   496 | D:1      | Reached XP level 2. HP: 19/21 MP: 7/7
   498 | D:1      | Learned a level 1 spell: Apportation
  1484 | D:2      | Reached XP level 3. HP: 17/27 MP: 8/8
  1589 | D:2      | Noticed a scorpion
  1591 | D:2      | Killed a scorpion
  1592 | D:2      | Reached XP level 4. HP: 33/33 MP: 10/10
  1605 | D:2      | Found a shadowy altar of Dithmenos.
  1656 | D:2      | Became a worshipper of Dithmenos the Shadowed
  2164 | D:2      | Reached XP level 5. HP: 39/39 MP: 11/11
  2357 | D:3      | Found a sparkling altar of Nemelex Xobeh.
  2817 | D:3      | Reached * piety under Dithmenos
  3607 | D:3      | Reached skill level 1 in Short Blades
  3612 | D:3      | Reached XP level 6. HP: 18/47 MP: 12/12
  4139 | D:3      | Learned a level 3 spell: Tukima's Dance
  4294 | D:4      | Noticed Sigmund
  4309 | D:4      | Killed Sigmund
  4310 | D:4      | Reached XP level 7. HP: 52/52 MP: 13/13
  4416 | D:4      | Found an ornate altar of the Wu Jian Council.
  4675 | D:4      | Found a staircase to the Ecumenical Temple.
  4736 | D:4      | Reached ** piety under Dithmenos
  5039 | D:5      | Entered Level 5 of the Dungeon
  5376 | D:5      | Reached XP level 8. HP: 53/60 MP: 14/14
  5684 | D:5      | Reached skill level 5 in Short Blades
  5915 | D:5      | Reached skill level 5 in Stealth
  5970 | D:5      | Reached skill level 5 in Fighting
  6073 | D:5      | Reached *** piety under Dithmenos
  6286 | D:6      | Reached XP level 9. HP: 68/68 MP: 15/15
  6445 | D:6      | Found a blossoming altar of Fedhas.
  6719 | D:6      | Noticed Grinder
  6824 | D:6      | Paralysed by Grinder for 5 turns
  6837 | D:6      | Killed Grinder
  7013 | D:6      | Noticed Eustachio
  7015 | D:6      | Killed Eustachio
  7127 | D:6      | Found Byuph's Antique Weapon Shoppe.
  7198 | D:6      | Found a shimmering blue altar of Sif Muna.
  7241 | D:6      | Noticed Blork the orc
  7248 | D:6      | Killed Blork the orc
  7641 | D:6      | Found a snail-covered altar of Cheibriados.
  8115 | D:7      | Found an opulent altar of Gozag.
  8115 | D:7      | Noticed a troll
  8145 | D:7      | Killed a troll
  8451 | D:7      | Reached XP level 10. HP: 56/77 MP: 16/16
  8975 | D:7      | Identified the +1 pair of gloves of the Sturgeon {rC+
                  | Regen+ Str-4 Stlth+}
  9074 | D:7      | Reached **** piety under Dithmenos
  9345 | D:8      | Found a transporter.
  9362 | D:8      | Found a burning altar of Makhleb.
  9362 | D:8      | Noticed a blizzard demon
  9365 | D:8      | Noticed an orange demon
  9375 | D:8      | Found a transporter.
  9444 | D:8      | Noticed a boulder beetle
  9489 | D:8      | Found a basalt altar of Yredelemnul.
  9709 | D:9      | Found a shimmering altar of Xom.
  9712 | D:9      | Noticed an angel
  9715 | D:9      | Found a glowing silver altar of Zin.
 10312 | D:9      | Identified the +3 chain mail of Byep {+Blink}
 10380 | D:8      | Reached skill level 10 in Short Blades
 10477 | D:9      | Reached skill level 1 in Armour
 10477 | D:9      | Reached skill level 1 in Shields
 10581 | D:9      | Reached XP level 11. HP: 86/86 MP: 17/17
 10707 | D:9      | Found an ancient bone altar of Kikubaaqudgha.
 10707 | D:9      | Found a hide-covered altar of Uskayaw.
 10746 | D:9      | Noticed a two-headed ogre
 10749 | D:9      | Noticed a centaur warrior
 10749 | D:9      | Noticed a cyclops
 10757 | D:9      | Killed an unseen horror
 10757 | D:9      | Killed a two-headed ogre
 10763 | D:9      | Killed a centaur warrior
 10772 | D:9      | Killed a cyclops
 10885 | D:9      | Banished an unseen horror
 10933 | D:9      | Noticed a centaur warrior
 10935 | D:9      | Killed a centaur warrior
 10996 | D:9      | Reached skill level 10 in Stealth
 11063 | D:10     | Entered Level 10 of the Dungeon
 11110 | D:10     | Noticed Gastronok
 11321 | D:10     | Found a runed translucent door.
 11329 | D:10     | Noticed srzhan31's ghost (journeyman GrCj)
 11330 | D:10     | Identified the +5 trident of Vejap {speed, Dex+4}
 11357 | D:10     | Noticed a death yak
 11358 | D:10     | Found a staircase to the Lair.
 11359 | D:10     | Noticed a death yak
 11359 | D:10     | Noticed a death yak
 11410 | D:10     | Noticed Psyche
 11420 | D:10     | Found a staircase to the Orcish Mines.
 11446 | D:9      | Killed a death yak
 11482 | D:9      | Killed a death yak
 11547 | D:10     | Reached ***** piety under Dithmenos
 11584 | D:10     | Killed Psyche
 11603 | Lair:1   | Entered Level 1 of the Lair of Beasts
 11637 | Lair:1   | Reached XP level 12. HP: 93/95 MP: 18/18
 11655 | Lair:1   | Reached skill level 1 in Throwing
 11655 | Lair:1   | Reached skill level 1 in Dodging
 11860 | Lair:1   | Noticed a four-headed hydra
 11875 | Lair:1   | Killed a four-headed hydra
 12111 | Lair:1   | Noticed a four-headed hydra
 12116 | Lair:1   | Killed a four-headed hydra
 12338 | Lair:1   | Noticed a five-headed hydra
 12357 | Lair:1   | Banished a five-headed hydra
 12570 | Lair:2   | Identified the +1 leather armour of Maixt {rElec rPois rF-
                  | rC+++}
 13163 | Lair:2   | Reached skill level 10 in Fighting
 13315 | Lair:2   | Identified a scroll of acquirement
 13315 | Lair:2   | Acquired 312 gold pieces
 13355 | Lair:2   | Reached XP level 13. HP: 103/103 MP: 19/19
 13805 | Lair:3   | Reached skill level 5 in Throwing
 13876 | Lair:3   | Reached skill level 5 in Dodging
 13943 | Lair:3   | Found a staircase to the Swamp.
 14203 | Lair:3   | Found a staircase to the Snake Pit.
 14400 | Lair:3   | Identified the +1 chain mail "Athriacae" {rC- Will+ Regen+}
 15290 | Lair:4   | Found a sacrificial altar of Ru.
 16044 | Lair:5   | Found a runed translucent door.
 16045 | Lair:5   | Found a viscous altar of Jiyva.
 16806 | Lair:5   | Found a staircase to the Slime Pits.
 16957 | Lair:6   | Entered Level 6 of the Lair of Beasts
 16957 | Lair:6   | Noticed a six-headed hydra
 16958 | Lair:6   | Killed a six-headed hydra
 16993 | Lair:6   | Learned a level 1 spell: Animate Skeleton
 17246 | D:10     | Reached XP level 14. HP: 111/111 MP: 20/20
 17812 | D:10     | Killed Gastronok
 18123 | Orc:1    | Entered Level 1 of the Orcish Mines
 18416 | Orc:2    | Entered Level 2 of the Orcish Mines
 19172 | Orc:1    | Gained mutation: You are occasionally teleported next to
                  | monsters. [a neqoxec]
 19182 | Orc:1    | Gained mutation: Scrolls take you a little longer to read.
                  | [a neqoxec]
 19332 | Orc:2    | Noticed an orc warlord
 19349 | Orc:1    | Killed an orc warlord
 19434 | Orc:2    | Reached skill level 15 in Stealth
 19438 | Orc:2    | Noticed Snorg
 19447 | Orc:2    | Reached ****** piety under Dithmenos
 19477 | Orc:2    | Killed Snorg
 19698 | Orc:2    | Paralysed by an orc sorcerer for 6 turns
 19821 | Orc:2    | Paralysed by an orc sorcerer for 4 turns
 19839 | Orc:1    | Gained mutation: Your magical capacity is low. (-10% MP) [a
                  | neqoxec]
 20090 | Orc:2    | Paralysed by an orc sorcerer for 4 turns
 20444 | Orc:2    | Found a staircase to the Elven Halls.
 20527 | Orc:2    | Found Dexiock's Antique Armour Shop.
 20532 | Orc:2    | Found Byoco's Antique Weapon Boutique.
 20534 | Orc:2    | Found Keint's General Store.
 20534 | Orc:2    | Found Nualim's Jewellery Shop.
 20691 | Orc:2    | Bought the ring of Geaf {Wiz rElec Str+2 Int+2 SInv} for
                  | 792 gold pieces
 20693 | Orc:2    | Lost mutation: Scrolls take you a little longer to read.
                  | [potion of mutation]
 20693 | Orc:2    | Lost mutation: Your magical capacity is low. (-10% MP)
                  | [potion of mutation]
 20693 | Orc:2    | Lost mutation: You are occasionally teleported next to
                  | monsters. [potion of mutation]
 20693 | Orc:2    | Gained mutation: You are robust. (+10% HP) [potion of
                  | mutation]
 20693 | Orc:2    | Gained mutation: Your body sometimes deteriorates upon
                  | taking damage. [potion of mutation]
 20693 | Orc:2    | Gained mutation: You have very sharp teeth. [potion of
                  | mutation]
 20693 | Orc:2    | Gained mutation: You expend magic power (3 MP) to
                  | strengthen your wands. [potion of mutation]
 21073 | Lair:5   | Reached skill level 1 in Necromancy
 21083 | Lair:5   | Reached skill level 1 in Hexes
 21277 | Lair:6   | Reached XP level 15. HP: 132/132 MP: 21/21
 21539 | Lair:6   | Learned a level 7 spell: Monstrous Menagerie
 21567 | Lair:6   | Paralysed by a hornet for 3 turns
 23165 | Lair:6   | Acquired 831 gold pieces
 23750 | D:11     | Reached skill level 1 in Summonings
 23928 | D:10     | Killed srzhan31's ghost
 24148 | Orc:1    | Noticed an orc warlord
 24161 | Orc:1    | Reached skill level 2 in Summonings
 24161 | Orc:1    | Killed an orc warlord
 24291 | Orc:1    | Reached skill level 3 in Summonings
 25009 | D:12     | Reached skill level 4 in Summonings
 25117 | D:12     | Found a portal to a secret trove of treasure.
 25129 | D:12     | Acquired a +2 buckler of fire resistance
 25387 | D:12     | Reached XP level 16. HP: 135/143 MP: 17/22
 26087 | D:13     | Reached skill level 10 in Dodging
 26087 | D:13     | Reached skill level 5 in Summonings
 26101 | D:13     | Found a flagged portal.
 26111 | Bailey   | Entered a bailey
 26265 | Bailey   | Acquired a book of Summonings
 26273 | Bailey   | Learned a level 5 spell: Summon Mana Viper
 26280 | Bailey   | Learned a level 6 spell: Shadow Creatures
 26950 | D:13     | Reached skill level 6 in Summonings
 27047 | D:13     | Found a gate to the Vaults.
 27169 | D:13     | Noticed Erolcha
 27192 | D:13     | Killed Erolcha
 27564 | D:13     | Reached skill level 7 in Summonings
 28028 | Orc:2    | Bought a glowing ring mail for 259 gold pieces
 28186 | D:14     | Found a runed translucent gate.
 28186 | D:14     | Found a runed translucent gate.
 28186 | D:14     | Found a runed translucent gate.
 28190 | D:14     | Noticed Utud's ghost (journeyman DEIE)
 28190 | D:14     | Noticed Vuniox's ghost (adept GrEE)
 28237 | D:14     | Banished Vuniox's ghost
 28242 | D:14     | Killed Utud's ghost
 28252 | D:14     | Acquired the +2 pair of boots of Pandemonium {Dex+3}
 28357 | D:14     | Identified Roxanne's Reference Book on Changing
 28357 | D:14     | Noticed Roxanne
 28472 | D:14     | Found a glowing golden altar of the Shining One.
 28561 | D:13     | Reached skill level 8 in Summonings
 29014 | D:14     | Noticed Frances
 29017 | D:14     | Killed Frances
 29298 | D:14     | Identified the amulet of Wishful Thinking {Reflect Dex+3
                  | SH+5}
 29325 | D:14     | Reached skill level 9 in Summonings
 29499 | D:15     | Entered Level 15 of the Dungeon
 29581 | D:15     | Found a gate leading to a gauntlet.
 29587 | Gauntlet | Entered a Gauntlet
 29587 | Gauntlet | Found a transporter.
 29587 | Gauntlet | Found a transporter.
 29592 | Gauntlet | Found a transporter.
 29607 | Gauntlet | Found a transporter.
 29625 | Gauntlet | Found a transporter.
 29637 | Gauntlet | Found a transporter.
 29639 | Gauntlet | Found a large runed translucent door.
 29639 | Gauntlet | Found a large runed translucent door.
 29640 | Gauntlet | Found a large runed translucent door.
 29640 | Gauntlet | Found a large runed translucent door.
 29641 | Gauntlet | Found a large runed translucent door.
 29641 | Gauntlet | Found a large runed translucent door.
 29641 | Gauntlet | Found a runed translucent door.
 29641 | Gauntlet | Found a runed translucent door.
 29641 | Gauntlet | Found a large runed translucent door.
 29642 | Gauntlet | Found a large runed translucent door.
 29649 | Gauntlet | Found a large runed translucent door.
 29649 | Gauntlet | Found a large runed translucent door.
 29650 | Gauntlet | Found a large runed translucent door.
 29650 | Gauntlet | Found a large runed translucent door.
 29651 | Gauntlet | Found a large runed translucent door.
 29651 | Gauntlet | Found a large runed translucent door.
 29714 | Gauntlet | Found a transporter.
 29729 | Gauntlet | Found a transporter.
 29751 | Gauntlet | Found a transporter.
 29758 | Gauntlet | Found a transporter.
 29774 | Gauntlet | Found a transporter.
 29775 | Gauntlet | Found the macabre finger necklace {rN+}
 29841 | Gauntlet | Found a transporter.
 29856 | Gauntlet | Found a transporter.
 29857 | Gauntlet | Found a large runed translucent door.
 29858 | Gauntlet | Found a large runed translucent door.
 29860 | Gauntlet | Found a runed translucent gate.
 29861 | Gauntlet | Found a transporter.
 29861 | Gauntlet | Found a runed translucent gate.
 29862 | Gauntlet | Found a runed translucent gate.
 29885 | Gauntlet | Found a transporter.
 29895 | Gauntlet | Found a transporter.
 29973 | Gauntlet | Reached XP level 17. HP: 148/151 MP: 23/23
 30008 | Gauntlet | Identified the +2 pair of boots of Bad Feelings {Harm
                  | Str+3}
 30228 | D:15     | Found a staircase to the Depths.
 31038 | D:15     | Reached skill level 10 in Summonings
 31166 | D:15     | Paralysed by an ogre mage for 6 turns
 31172 | D:15     | HP: 2/150 [ogre mage/+0 spear (8)]
 31275 | D:15     | Paralysed by an ogre mage for 5 turns
 31905 | D:15     | Reached skill level 11 in Summonings
 32132 | Snake:1  | Entered Level 1 of the Snake Pit
 33389 | Snake:2  | Reached skill level 5 in Hexes
 33627 | Snake:2  | Found a hide-covered altar of Uskayaw.
 33799 | Snake:2  | Reached XP level 18. HP: 156/161 MP: 7/24
 33800 | Snake:2  | Noticed Azrael
 33820 | Snake:2  | Killed Azrael
 33961 | Snake:2  | Reached skill level 12 in Summonings
 34183 | Snake:2  | You fall into a shaft and drop 1 floor!
 34909 | Snake:3  | Found a runed translucent gate.
 34909 | Snake:3  | Found a runed translucent gate.
 34909 | Snake:3  | Found a runed translucent gate.
 34910 | Snake:3  | Found an opulent altar of Gozag.
 34910 | Snake:3  | Noticed Kaynesm's ghost (adept FoAK)
 34912 | Snake:3  | Found Ohoiful's Assorted Antiques.
 35101 | Snake:3  | Banished Kaynesm's ghost
 35303 | Snake:3  | Bought a scroll of teleportation for 102 gold pieces
 35341 | Snake:3  | Reached skill level 15 in Fighting
 35483 | Snake:3  | Reached skill level 13 in Summonings
 36972 | Snake:4  | Entered Level 4 of the Snake Pit
 37573 | Snake:4  | Reached skill level 14 in Summonings
 37952 | Snake:4  | Identified Iruxkar's Guide on Feathery Moulding
 38823 | Snake:4  | Reached skill level 15 in Summonings
 38844 | Snake:4  | Reached XP level 19. HP: 169/170 MP: 7/25
 39232 | Snake:4  | Reached skill level 16 in Summonings
 39263 | Snake:4  | Got a serpentine rune of Zot
 39349 | Snake:4  | Learned a level 7 spell: Summon Hydra
 39589 | Swamp:1  | Entered Level 1 of the Swamp
 40744 | Swamp:2  | Reached skill level 17 in Summonings
 41793 | Swamp:3  | Noticed Jorgrun
 41799 | Swamp:3  | Killed Jorgrun
 42171 | Swamp:4  | Entered Level 4 of the Swamp
 42401 | Swamp:4  | Reached skill level 18 in Summonings
 42496 | Swamp:4  | Identified the +7 battleaxe of Guyhaugg {vorpal, Int+2}
 42643 | Swamp:4  | Reached XP level 20. HP: 171/178 MP: 26/26
 42690 | Swamp:4  | Reached skill level 1 in Invocations
 42846 | Swamp:4  | Noticed the 27-headed Lernaean hydra
 42849 | Swamp:4  | Killed the 27-headed Lernaean hydra
 43507 | Swamp:4  | Got a decaying rune of Zot
 43839 | Swamp:4  | Learned a level 5 spell: Silence
 44031 | Elf:1    | Entered Level 1 of the Elven Halls
 44461 | Elf:1    | Cast into level 3 of the Abyss (deep elf death mage)
 44554 | Abyss:3  | Paralysed by accursed screaming for 1 turns
 44564 | Abyss:3  | Paralysed by accursed screaming for 1 turns
 44589 | Abyss:3  | Found a transporter.
 44723 | Abyss:3  | Got an abyssal rune of Zot
 44724 | Abyss:3  | HP: 8/178 [Executioner (19)]
 44724 | Abyss:3  | Slain by an Executioner

Illustrated notes

Levels and vault maps discovered:
D:1:      sevenhm_arrival_forest_fort_large_2, layout_basic,
          ebering_dispersal_statue_hall, minmay_misc_feat_columns,
          chequers_big_river, dk_noncrumbling_3
D:2:      layout_basic, old_standard_altar, grunt_ministairs_8
D:3:      cheibrodos_fertilizer, layout_loops_ring,
          nemelex_xobeh_ov_fountains_minmay
D:4:      layout_rooms, kennysheep_mini_moat, minmay_temple_entry_fiery,
          grunt_decor_resistance, grunt_ministairs_1, uniq_sigmund
D:5:      kennysheep_windowed_halls, layout_loops_cross,
          overflow_temple_1_default, chei_slow_surprise
D:6:      layout_layer_cave, kennysheep_slug_shrine, led_sif_pool, serial_shops,
          nicolae_shop_overgrown_old_shop, fedhas_altar_1, uniq_blork_the_orc,
          uniq_grinder, uniq_eustachio
D:7:      layout_loops_ring, nicolae_gozag_cash_rules_everything_around_me
D:8:      gammafunk_boulding_lane, layout_rooms, lemuel_round_altar,
          makhleb_altar_promises_db, minmay_misc_feat_diagonals
D:9:      nzn_winding_woodlands_medium [nzn_winding_woodlands_5x5_default,
          nzn_winding_woodlands_5x15_river_crossing,
          nzn_winding_woodlands_5x5_perimeter,
          nzn_winding_woodlands_5x5_checkerboard,
          nzn_winding_woodlands_center_garden,
          nzn_winding_woodlands_5x5_default, nzn_winding_woodlands_hourglass,
          nzn_winding_woodlands_5x15_cabin,
          nzn_winding_woodlands_5x5_closed_star], layout_cave_pools,
          grunt_temple_overflow_order_and_chaos_1,
          gammafunk_temple_overflow_wave
D:10:     layout_big_octagon, dpeg_lair_monsters, minmay_orc_entry_temple_small,
          ebering_ghost_funeral_grove, hangedman_decor_diamond_cutter,
          kennysheep_generic_room_7, uniq_psyche, uniq_gastronok
D:11:     layout_basic, minmay_between
D:12:     layout_irregular_city, nicolae_trove_entry_crystal,
          lemuel_flamethrower_3
D:13:     layout_loops_ring, ximxim_vaults_locker_room, enter_bailey_3,
          chequers_hall_statues_corner_a, uniq_erolcha
D:14:     minmay_triangles_in_corner, layout_gridville, tso_metal_star,
          gammafunk_ghost_cemetery, minmay_misc_feat_room, uniq_roxanne,
          uniq_frances
D:15:     gammafunk_depths_entry_grave, layout_loops_corners,
          serial_park_square3 [serial_park_minivault_5x5_7],
          gauntlet_entry_generic
Lair:1:   layout_regular_city, st_stairs_6, grunt_forest_large_clearing_hut
Lair:2:   kb_forest_paths, layout_long_grid, st_stairs_9,
          nicolae_lair_grove_arrangements, chequers_serial_rivers_small_3
Lair:3:   layout_loops_ring, minmay_swamp_entry_worms, dummy_snake_entry
Lair:4:   layout_layer_cave, basic_altar
Lair:5:   layout_cave_pods, slime_altar_2, infiniplex_staircase_pool_2
Lair:6:   hangedman_lair_tendril_chambers, layout_cave_pods,
          guppyfry_lair_end_dragon, minmay_stone_trees_small,
          infiniplex_staircase_pool
Swamp:1:  layout_basic_swamp, nicolae_swamp_tree_isthmus
Swamp:2:  layout_basic_swamp, nicolae_swamp_round_clearing
Swamp:3:  layout_basic_swamp, serial_swamp_ruin, evilmike_swamp_ruin_house_2,
          evilmike_swamp_ruin_house_4, uniq_jorgrun
Swamp:4:  swamp_old_school, layout_basic_swamp
Snake:1:  layout_cave_shapes, serial_bayou_pond_c, st_stairs_7,
          nrook_guardian_serpent_ordinary
Snake:2:  layout_layer_cave, basic_altar, uniq_azrael
Snake:3:  layout_onion, portal_ice_cave_entry_ice_statue_two,
          ebering_ghost_gozag, grunt_megastairs_4
Snake:4:  snake_pit_salamanders_mu, layout_onion_interference
Orc:1:    nicolae_orc_accident_3, layout_diamond_mine, minmay_orc_temple_a
Orc:2:    st_orc_congregation, layout_caves, minmay_orc_keep, uniq_snorg
Elf:1:    elf_arrival_002, layout_loops_cross, hangedman_elf_represent
Abyss:3:  base: D:7, nicolae_abyss_rune_left_handed, evilmike_abyss_exit_6,
          minivault_20, minivault_13, gammafunk_abyss_rune_reverse_zot

Skill      XL: |  1  2  3  4  5  6  7  8  9 10 11 12 13 14 15 16 17 18 19 20 |
---------------+-------------------------------------------------------------+-----
Maces & Flails | 3 4 |  4.4
Fighting       | 2 3 4 5 6 7 9 10 11 13 14 15 | 15.2
Short Blades   | 1 3 4 6 8 10 | 10.0
Stealth        | 3 4 5 6 8 10 12 14 15 16 | 16.0
Armour         | 1 4 |  4.0
Shields        | 1 4 |  4.0
Throwing       | 4 6 7 |  7.0
Dodging        | 4 6 8 9 11 12 | 12.3
Necromancy     | 1 2 |  2.0
Hexes          | 1 4 5 6 |  6.0
Translocations | 2 |  2.0
Summonings     | 4 9 11 15 18 | 18.0
Invocations    | 4 |  4.6
Spellcasting   | |  4.9

Action                   |  1- 3 |  4- 6 |  7- 9 | 10-12 | 13-15 | 16-18 | 19-21 || total
-------------------------+-------+-------+-------+-------+-------+-------+-------++-------
Melee: Short sword       |    35 |    72 |       |       |       |       |       ||   107
       Dagger            |    20 |   104 |   296 |   650 |  1664 |  1681 |   508 ||  4923
       Flail             |       |    46 |       |       |       |       |       ||    46
       Bite              |       |       |       |       |    95 |   209 |    65 ||   369
Throw: Stone             |    13 |     2 |    11 |    17 |   146 |       |       ||   189
       Dart              |     2 |     9 |     7 |       |     9 |       |       ||    27
       Boomerang         |       |       |       |       |   196 |    82 |     5 ||   283
 Cast: Animate Skeleton  |       |       |       |       |     4 |     7 |       ||    11
       Tukima's Dance    |       |       |       |       |     2 |    22 |       ||    24
       Summon Mana Viper |       |       |       |       |       |    27 |       ||    27
       Shadow Creatures  |       |       |       |       |       |    49 |    55 ||   104
       Monstrous Menager |       |       |       |       |       |       |     1 ||     1
       Summon Hydra      |       |       |       |       |       |       |    25 ||    25
Invok: Shadow Step       |       |       |       |     3 |     5 |     6 |     7 ||    21
Evoke: Wand              |       |       |       |    13 |    26 |       |     1 ||    40
       Tin of tremorston |       |       |       |       |       |     5 |     4 ||     9
  Use: Scroll            |       |    10 |     4 |     9 |    10 |    18 |    11 ||    62
       Potion            |       |     2 |     2 |     3 |     8 |     5 |     2 ||    22
 Stab: Sleeping          |       |       |     8 |    28 |    59 |    71 |    31 ||   197
       Invisible         |       |       |     2 |     8 |       |       |       ||    10
       Paralysed         |       |       |       |     1 |     5 |       |       ||     6
       Distracted        |       |       |       |       |     3 |    20 |    13 ||    36
       Confused          |       |       |       |       |     1 |       |       ||     1
       Petrified         |       |       |       |       |     1 |       |       ||     1
Armor: Scale mail        |    23 |   105 |    55 |       |       |       |       ||   183
       Robe              |     5 |       |       |       |       |       |       ||     5
       Ring mail         |       |       |    40 |   194 |   302 |   319 |   172 ||  1027
Dodge: Dodged            |    31 |   111 |   116 |   214 |   681 |   824 |   377 ||  2354
Block: Buckler           |       |       |       |    92 |   247 |   533 |   199 ||  1071

Table legend: (Time is in decaauts)
 A = Elapsed time spent in this place.
 B = Non-inter-level travel time spent in this place.
 C = Inter-level travel time spent in this place.
 D = Time resting spent in this place.
 E = Time spent auto-exploring this place.
 F = Levels seen in this place.
 G = Mean time per level.
                   A        B        C        D        E       F      G
               +--------+--------+--------+--------+--------+-----+--------+
         Total |  42795 |  40171 |   2624 |   6439 |  23012 |  35 | 1222.7 |
       Dungeon |  18712 |  17580 |   1132 |   2542 |  10534 |  15 | 1247.5 |
          Lair |   8102 |   7382 |    720 |    850 |   4597 |   6 | 1350.3 |
         Swamp |   4463 |   4331 |    132 |    619 |   2853 |   4 | 1115.8 |
     Snake Pit |   7007 |   6668 |    339 |   1447 |   3590 |   4 | 1751.8 |
  Orcish Mines |   2986 |   2687 |    299 |    683 |    836 |   2 | 1493.0 |
   Elven Halls |    306 |    306 |      0 |     65 |    123 |   1 |  306.0 |
         Abyss |    235 |    235 |      0 |     93 |     40 |   1 |  235.0 |
        Bailey |    509 |    509 |      0 |    139 |    119 |   1 |  509.0 |
      Gauntlet |    472 |    472 |      0 |      0 |    319 |   1 |  472.0 |
               +--------+--------+--------+--------+--------+-----+--------+

Top non-repeatable levels by time:
  Lair:6: 2194 daAuts
 Snake:3: 2093 daAuts
 Snake:4: 2025 daAuts
 Snake:2: 1852 daAuts
     D:6: 1805 daAuts
 Swamp:4: 1800 daAuts
     D:3: 1769 daAuts
   Orc:2: 1706 daAuts
    D:15: 1704 daAuts
    D:10: 1484 daAuts
  Lair:5: 1452 daAuts
     D:1: 1435 daAuts
    D:14: 1347 daAuts
    D:13: 1346 daAuts
  Lair:4: 1330 daAuts
